 Dungeon Crawl Stone Soup version 0.10.0-14-ga75c42d character file.

1633 xomlike the Chopper (level 8, 0/70 HPs)
             Began as a Minotaur Berserker on Feb 26, 2012.
             Was an Elder of Trog.
             Killed by divine providence
             ... invoked by an orc priest
              (9 damage)
             ... on Level 5 of the Dungeon.
             The game lasted 00:21:25 (4087 turns).

xomlike the Chopper (Minotaur Berserker)            Turns: 4087, Time: 00:21:25

HP   0/70        AC 10     Str 17 (21) XL: 8   Next: 48%
MP   2/2         EV  7     Int  6      God: Trog [****..]
Gold 290         SH  0     Dex 11      Spells:  0 memorised,  7 levels left

Res.Fire  : . . .   See Invis. : .   a - +1 hand axe {=f}
Res.Cold  : . . .   Warding    : . . i - +2 orc chain mail
Life Prot.: + . .   Conserve   : .   (no shield)
Res.Acid. : . . .   Res.Corr.  : .   (helmet restricted)
Res.Poison: .       Clarity    : .   (no cloak)
Res.Elec. : .       Spirit.Shd : .   (no gloves)
Sust.Abil.: . .     Stasis     : .   (no boots)
Res.Mut.  : .       Ctrl.Telep.: .   (no amulet)
Res.Rott. : .       Levitation : .   (no ring)
Saprovore : . . .   Ctrl.Flight: .   o - ring of life protection

@: confused, quite poisoned, slightly resistant to hostile enchantments,
extremely unstealthy
A: retaliatory headbutt, horns 2, blurry vision 1, +10% mp, wild magic 1
a: Burn Spellbooks, Berserk, Trog's Hand, Brothers in Arms, Renounce Religion


You were on level 5 of the Dungeon.
You worshipped Trog.
Trog was extremely pleased with you.
You were very hungry.

You visited 1 branch of the dungeon, and saw 5 of its levels.

You collected 270 gold pieces.

Inventory:

Hand weapons
 a - a +1,+1 hand axe (weapon) {=f}
 q - a +0,+2 whip of flaming
 u - a -1 orcish blowgun
Missiles
 v - 12 poisoned +0 needles
 y - a +0 javelin (quivered)
Armour
 b - a +0 animal skin
 f - a +0 chain mail
 i - a +2 orcish chain mail (worn)
 t - a +2 leather armour
 w - a +0 robe
Magical devices
 c - a wand of digging (2) {unknown}
 z - a wand of teleportation (5) {unknown}
Comestibles
 h - a meat ration
 C - a pear
 E - a sausage
 F - 2 bread rations
 G - 3 chunks of orc flesh
Scrolls
 d - 4 scrolls of detect curse
 e - 2 scrolls of remove curse
 j - 2 scrolls of teleportation
 l - a scroll of curse jewellery {unknown}
 m - a scroll of curse weapon {unknown}
 n - 2 scrolls of amnesia {unknown}
 p - a scroll of random uselessness {unknown}
 s - 3 scrolls of identify
 B - a scroll of blinking {unknown}
Jewellery
 k - an uncursed ring of teleportation
 o - a ring of life protection (left hand)
Potions
 g - a potion of degeneration
 A - a potion of mutation


   Skills:
 + Level 7,2 Fighting
 + Level 7,3 Axes
 + Level 6,2 Armour
 + Level 5,9 Dodging


You had 7 spell levels left.
You didn't know any spells.

Dungeon Overview and Level Annotations

Branches:
Dungeon (5/27)             Temple (0/1) D:4

Altars:
Ashenzari


Innate Abilities, Weirdness & Mutations

You reflexively headbutt those who attack you in melee.
You have a pair of horns on your head.
Your vision is a little blurry.
You have an increased reservoir of magic (+10% MP).
Your spells are a little harder to cast, but a little more powerful.


Message History

Trog accepts your kill.
* * * LOW HITPOINT WARNING * * *
You feel sick. The orc hits you but does no damage.
The orc priest hits you with an orcish hand axe.
* * * LOW HITPOINT WARNING * * *
You are too confused!
The orc hits you with an orcish short sword.
* * * LOW HITPOINT WARNING * * *
The orc priest barely misses you.
* * * LOW HITPOINT WARNING * * *
You feel sick. The orc barely misses you.
The orc wizard gestures wildly while chanting.
The orc wizard blinks!
The orc priest glows brightly for a moment.
The worker ant zombie bites you but does no damage.
* * * LOW HITPOINT WARNING * * *
You feel sick.
The orc priest calls down the wrath of Beogh upon you.
Something smites you!
You die...

...... ....... .#.... .......
......##....... #............
#####.o.)....... .
##.#.##.o...o.... # ###
#......o.o.ยง..... .
##.###....#.oz....... ..
##...###.....@........ #(
##...####.#.....#...... ..
###.#...##.............. .
#.......................... .
.......).................... .
#...........................#
..............................
..............................
..............................


You could see an orc priest, an orc wizard, 4 orcs and a worker ant zombie.

Vanquished Creatures
  Pikel (D:4)
  An orc warrior (D:4)
  Duvessa (D:5)
  Blork the orc (D:5)
  3 crimson imps (D:5)
  Dowan (D:5)
  A worker ant (D:5)
  3 orc wizards
  Ijyb (D:2)
  4 adders
  A worm (D:2)
  3 giant geckos (D:3)
  An ooze (D:5)
  11 orcs
  3 giant cockroaches
  13 hobgoblins
  8 kobolds
  2 quokkas
  A ball python (D:1)
  6 bats
  5 giant newts
  9 goblins
  14 rats
  A toadstool (D:4)
95 creatures vanquished.

Vanquished Creatures (others)
  4 slaves (D:4)
  A toadstool (D:4)
5 creatures vanquished.

Grand Total: 100 creatures vanquished

Notes
Turn   | Place    | Note
--------------------------------------------------------------
     0 | D:1      | xomlike, the Minotaur Berserker, began the quest for the Orb.
     0 | D:1      | Reached XP level 1. HP: 19/19 MP: 0/0
   323 | D:1      | Reached XP level 2. HP: 26/26 MP: 0/0
   336 | D:1      | Reached skill level 4 in Fighting
  1058 | D:2      | Noticed Ijyb
  1064 | D:2      | Killed Ijyb
  1064 | D:2      | Reached XP level 3. HP: 33/33 MP: 1/1
  1504 | D:2      | Acquired Trog's second power
  1755 | D:3      | Reached XP level 4. HP: 40/40 MP: 1/1
  1792 | D:3      | Reached skill level 5 in Fighting
  2469 | D:3      | Reached skill level 5 in Axes
  2742 | D:4      | Noticed Pikel
  2757 | D:4      | Killed Pikel
  2757 | D:4      | Reached skill level 6 in Fighting
  2757 | D:4      | Reached skill level 5 in Armour
  2757 | D:4      | Reached XP level 5. HP: 34/47 MP: 1/1
  2757 | D:4      | Reached XP level 6. HP: 39/55 MP: 2/2
  2757 | D:4      | Reached XP level 7. HP: 43/61 MP: 2/2
  2833 | D:4      | Your ally freed slave died
  2841 | D:4      | Your ally freed slave died
  2879 | D:4      | Your ally freed slave died
  2902 | D:4      | Your ally freed slave died
  3082 | D:4      | Found a staircase to the Ecumenical Temple.
  3412 | D:4      | Reached skill level 5 in Dodging
  3412 | D:4      | Reached XP level 8. HP: 49/69 MP: 2/2
  3665 | D:5      | Entered Level 5 of the Dungeon
  3692 | D:5      | Noticed Blork the orc
  3695 | D:5      | Reached skill level 7 in Axes
  3702 | D:5      | Killed Blork the orc
  3723 | D:5      | Found a shattered altar of Ashenzari.
  4006 | D:5      | Noticed Dowan
  4009 | D:5      | Acquired Trog's third power
  4010 | D:5      | Noticed Duvessa
  4017 | D:5      | Killed Duvessa
  4040 | D:5      | Killed Dowan
  4077 | D:5      | Gained mutation: Your spells are a little harder to cast, but a little more powerful.
  4077 | D:5      | Gained mutation: You have an increased reservoir of magic (+10% MP).
  4077 | D:5      | Gained mutation: Your vision is a little blurry.
  4087 | D:5      | Killed from afar by an orc priest
